[Event "Elitserien 2022/2023"]
[Site "Limhamn SWE"]
[Date "2023.01.21"]
[Round "4.4"]
[White "Jepson, Christian"]
[Black "Nilsson, Anders"]
[Result "1-0"]
[WhiteElo "2388"]
[BlackElo "2224"]
[ECO "A13"]
[TimeControl "90 minutes for 40 moves + 30 minutes for the rest of the game + 30 seconds per move from move one."]
[WhiteTitle "IM"]
[BlackTitle "CM"]
[WhiteFideId "1701185"]
[BlackFideId "1705423"]
[WhiteTeam "Limhamns SK"]
[BlackTeam "Helsingborgs ASK"]

1. c4 e6 2. g3 d5 3. Bg2 Nf6 4. Nf3 dxc4 5. Qa4+ Bd7 6. Qxc4 c5 7. Ne5 Qc8
8. Qd3 Nc6 9. Nxd7 Nxd7 10. Nc3 Be7 11. Qb5 a6 12. Qa4 Nd4 13. e3 Nf5 14. 
d4 O-O 15. O-O b5 16. Qd1 Ra7 17. d5 e5 18. Bd2 Nd6 19. b3 f5 20. f3 Bf6 
21. Rc1 Qe8 22. e4 f4 23. Bh3 Qg6 24. Ne2 Bd8 25. Qe1 Nf6 26. Kh1 fxg3 27.
 Qxg3 Qh5 28. Be6+ Kh8 29. Qg5 Qxg5 30. Bxg5 Rc7 31. Be3 c4 32. f4 exf4 
33. Bxf4 1-0

[Event "Elitserien 2022/2023"]
[Site "Limhamn SWE"]
[Date "2023.01.21"]
[Round "4.5"]
[White "Rosell, Tomas"]
[Black "Brynell, Stellan"]
[Result "0-1"]
[WhiteElo "2173"]
[BlackElo "2393"]
[ECO "C05"]
[TimeControl "90 minutes for 40 moves + 30 minutes for the rest of the game + 30 seconds per move from move one."]
[BlackTitle "GM"]
[WhiteFideId "1707132"]
[BlackFideId "1700219"]
[WhiteTeam "Helsingborgs ASK"]
[BlackTeam "Limhamns SK"]

1. e4 e6 2. d4 d5 3. Nc3 Nf6 4. e5 Nfd7 5. f4 c5 6. Nf3 Nc6 7. Ne2 Qb6 8. 
c3 cxd4 9. cxd4 Be7 10. a3 O-O 11. h4 f6 12. Rh3 Qd8 13. Neg1 Rf7 14. Bd3 
Nf8 15. b4 Bd7 16. g4 a6 17. exf6 gxf6 18. g5 Rc8 19. Ra2 Kh8 20. Rg2 Rg7 
21. Rhg3 Be8 22. Be3 Bh5 23. Qb1 f5 24. Ne5 Nxe5 25. dxe5 Ng6 26. Rh2 Rc3 
27. Be2 Bxe2 28. Nxe2 Rxa3 29. h5 Nf8 30. Qb2 Ra4 31. Bd2 Nd7 32. Bc3 Nb6 
33. Qb3 Qd7 34. Nd4 Kg8 35. Nc2 Nc4 36. Rd3 b5 37. Nd4 Ra3 38. Qb1 Bd8 39.
 Ra2 Rxa2 40. Qxa2 Qc8 41. Nb3 Bb6 42. Bd4 Bxd4 43. Rxd4 Nxe5 44. fxe5 
Qc3+ 45. Rd2 Rxg5 46. Nd4 Rg1+ 47. Ke2 Rg2+ 48. Kd1 Qxd4 0-1

[Event "Elitserien 2022/2023"]
[Site "Limhamn SWE"]
[Date "2023.01.21"]
[Round "4.6"]
[White "Domingo Nunez, Ruben"]
[Black "Rothman, Peter"]
[Result "0-1"]
[WhiteElo "2380"]
[BlackElo "2123"]
[ECO "B01"]
[TimeControl "90 minutes for 40 moves + 30 minutes for the rest of the game + 30 seconds per move from move one."]
[WhiteTitle "FM"]
[WhiteFideId "22245570"]
[BlackFideId "1709402"]
[WhiteTeam "Limhamns SK"]
[BlackTeam "Helsingborgs ASK"]

1. e4 d5 2. exd5 Nf6 3. Bb5+ Bd7 4. Be2 Nxd5 5. d4 e6 6. Nf3 c5 7. c4 Nb6 
8. Bg5 f6 9. Be3 cxd4 10. Nxd4 Bb4+ 11. Nd2 Nc6 12. Nc2 Be7 13. O-O O-O 
14. Ne4 Qc7 15. Nc5 Rad8 16. Nxd7 Rxd7 17. Qe1 Qe5 18. b4 Qe4 19. Qc3 Rfd8
20. Rfe1 Ne5 21. Bf1 Qg6 22. Be2 Rd3 23. Bxd3 Rxd3 24. Qb2 Nbxc4 25. Qc1 
Rc3 26. Re2 Na3 27. Bxa7 Rxc2 28. Rxc2 Nxc2 29. Rb1 Nf3+ 30. Kh1 Nfe1 31. 
Qxe1 Nxe1 32. Rxe1 Bxb4 33. Rc1 h5 34. h3 Kh7 0-1

[Event "Elitserien 2022/2023"]
[Site "Limhamn SWE"]
[Date "2023.01.21"]
[Round "4.7"]
[White "Olsson, Fredric"]
[Black "Lindgren, Philip"]
[Result "1/2-1/2"]
[WhiteElo "2050"]
[BlackElo "2382"]
[ECO "B94"]
[TimeControl "90 minutes for 40 moves + 30 minutes for the rest of the game + 30 seconds per move from move one."]
[BlackTitle "IM"]
[WhiteFideId "1712802"]
[BlackFideId "1713230"]
[WhiteTeam "Helsingborgs ASK"]
[BlackTeam "Limhamns SK"]

1. e4 c5 2. Nf3 d6 3. d4 cxd4 4. Nxd4 Nf6 5. Nc3 a6 6. Bg5 Nbd7 7. Qd2 e6 
8. O-O-O h6 9. Bxf6 Nxf6 10. Kb1 Be7 11. g4 Qc7 12. f4 g5 13. f5 Bd7 14. 
Qe2 b5 15. fxe6 fxe6 16. Bg2 b4 17. e5 dxe5 18. Bxa8 bxc3 19. Nb3 a5 20. 
Qd3 a4 21. Qg6+ Kd8 22. Rhf1 axb3 23. Rxf6 bxa2+ 24. Ka1 cxb2+ 25. Kxb2 
Qb8+ 26. Ka1 Qxa8 27. Rxe6 Qf3 28. Rd3 Qh1+ 29. Kxa2 Qxh2 30. Kb2 Qf4 31. 
Rb6 e4 32. Rxd7+ Kxd7 33. Qc6+ Kd8 34. Qa8+ Kd7 35. Qc6+ Kd8 36. Qa8+ Kd7 
37. Qc6+ 1/2-1/2

[Event "Elitserien 2022/2023"]
[Site "Limhamn SWE"]
[Date "2023.01.21"]
[Round "4.8"]
[White "Ziegler, Ari"]
[Black "Hakansson, Stefan"]
[Result "1/2-1/2"]
[WhiteElo "2297"]
[BlackElo "2046"]
[ECO "B07"]
[TimeControl "90 minutes for 40 moves + 30 minutes for the rest of the game + 30 seconds per move from move one."]
[WhiteTitle "IM"]
[WhiteFideId "1700987"]
[BlackFideId "1708198"]
[WhiteTeam "Limhamns SK"]
[BlackTeam "Helsingborgs ASK"]

1. e4 d6 2. d4 Nf6 3. Nc3 Nbd7 4. g4 h6 5. h3 e5 6. d5 Be7 7. Nge2 Nf8 8. 
Ng3 Ng6 9. Bb5+ Bd7 10. Bxd7+ Nxd7 11. Nf5 Bf6 12. Qf3 Nh4 13. Nxh4 Bxh4 
14. a4 Bg5 15. Bxg5 hxg5 16. a5 a6 17. Qe3 Qf6 18. Ne2 Nf8 19. Ra3 Ng6 20.
 Rb3 Nf4 21. Nxf4 exf4 22. Qd3 Rb8 23. O-O O-O 24. Ra1 Rfe8 25. Ra4 b5 26.
 axb6 Rxb6 27. Rxb6 cxb6 28. c3 a5 29. Kg2 Rb8 30. Kf3 Qh6 31. Ke2 Qf6 32.
 Kd2 Qd8 33. Qb5 Rc8 34. Rc4 Rc5 35. Rxc5 bxc5 36. Kc2 Qe7 37. f3 g6 38. 
Kb3 f5 39. gxf5 gxf5 40. exf5 Kf7 41. Qxa5 Qb7+ 42. Kc4 Qe7 43. Qa8 Qe2+ 
44. Kb3 Qb5+ 45. Ka2 c4 46. Qa7+ Kf6 47. Qd4+ Kxf5 48. Qe4+ Kf6 49. Qe6+ 
Kg7 50. Qe7+ Kh8 51. Qf6+ Kh7 52. Qf5+ Kh8 53. Kb1 Qa4 54. Kc1 Qa1+ 55. 
Qb1 Qa5 56. Qe4 Qa1+ 57. Kc2 Qa4+ 58. Kd2 Qa1 59. Qe8+ Kg7 60. Qe7+ Kh8 
61. Qe8+ Kg7 62. Qd7+ Kh8 63. Kc2 Qf1 64. Qe8+ Kg7 65. Qe7+ Kh8 66. Qe4 
Qf2+ 67. Kc1 Qf1+ 68. Kd2 Qg2+ 69. Qe2 Qxh3 70. Qxc4 Qxf3 71. Qc8+ Kh7 72.
 Qd7+ Kg6 73. Qxd6+ Kh5 74. Qe5 Qg2+ 75. Ke1 f3 76. Qe3 g4 77. Qe5+ Kg6 
78. Qe6+ Kg5 79. Qe5+ Kg6 1/2-1/2

[Event "Elitserien 2022/2023"]
[Site "Limhamn SWE"]
[Date "2023.01.21"]
[Round "4.9"]
[White "Heberla, Bartlomiej"]
[Black "Thybo, Jesper Sondergaard"]
[Result "1/2-1/2"]
[WhiteElo "2567"]
[BlackElo "2508"]
[ECO "B30"]
[TimeControl "90 minutes for 40 moves + 30 minutes for the rest of the game + 30 seconds per move from move one."]
[WhiteTitle "GM"]
[BlackTitle "GM"]
[WhiteFideId "1115120"]
[BlackFideId "1438832"]
[WhiteTeam "Eksjo SK"]
[BlackTeam "Lunds ASK"]

1. e4 c5 2. Nf3 Nc6 3. Nc3 e5 4. Bc4 Be7 5. d3 d6 6. Nd2 Nf6 7. Nf1 Bg4 8.
 Qd2 O-O 9. Ne3 Be6 10. Ncd5 Nd4 11. c3 b5 12. Nxf6+ 1/2-1/2

[Event "Elitserien 2022/2023"]
[Site "Limhamn SWE"]
[Date "2023.01.21"]
[Round "4.10"]
[White "Kucuksari, Kaan"]
[Black "Gdanski, Jacek"]
[Result "1/2-1/2"]
[WhiteElo "2487"]
[BlackElo "2490"]
[ECO "E64"]
[TimeControl "90 minutes for 40 moves + 30 minutes for the rest of the game + 30 seconds per move from move one."]
[WhiteTitle "IM"]
[BlackTitle "GM"]
[WhiteFideId "6380166"]
[BlackFideId "1100106"]
[WhiteTeam "Lunds ASK"]
[BlackTeam "Eksjo SK"]

1. d4 Nf6 2. c4 c5 3. d5 d6 4. Nc3 g6 5. g3 Bg7 6. Bg2 O-O 7. Nf3 Na6 8. 
O-O Nc7 9. e4 Bg4 10. a4 e5 11. h3 Bd7 12. Bg5 h6 13. Be3 Nh7 14. Qd2 h5 
15. Ne1 h4 16. Nd3 hxg3 17. fxg3 a5 18. g4 b6 19. Ne1 Qe7 20. Qc2 Kh8 21. 
Rd1 Ne8 22. Rd2 Bf6 23. Nf3 Ng5 24. Rdf2 Nxf3+ 25. Rxf3 Bh4 26. Qd2 Ng7 
27. Qc2 Kg8 28. Ne2 Bg5 29. Bxg5 Qxg5 30. Ng3 f6 31. Qf2 Ne8 32. b3 Rf7 
33. Re1 Ng7 34. Bf1 Kf8 35. Bd3 Ke7 36. Rf1 Rh8 37. Qg2 Rh4 38. R1f2 Ne8 
39. Nf1 Rfh7 40. Ne3 Kd8 41. Rg3 Qh6 42. Rff3 Qg7 43. Kf2 Qe7 44. Ke2 R7h6
45. Kd2 Qh7 46. Kc2 g5 47. Kd2 Ng7 48. Kc3 Ke7 49. Nd1 Ne8 50. Nf2 Nc7 51.
 Re3 Be8 52. Re1 Na6 53. Bf1 Bg6 54. Nd3 Nb8 55. Qe2 Nd7 56. Bg2 Qh8 57. 
Nf2 Be8 58. Nd1 Nf8 59. Ne3 Bd7 60. Nf5+ Bxf5 61. exf5 Nd7 62. Qe4 Kd8 63.
 Ree3 Nb8 64. Kd2 Qh7 65. Ke1 Na6 66. Kf2 Qa7 67. Kg1 Nc7 68. Kh2 Ne8 69. 
Qd3 Qh7 70. Re4 Nc7 71. Qe2 Na6 72. Ree3 Nb4 73. Rc3 Kc7 74. Qe4 Qf7 75. 
Rc1 Rh8 76. Ra1 Ra8 77. Re3 Rhh8 78. Rc3 Ra7 79. Re3 Kb8 80. Rc3 Qf8 81. 
Rg3 Rh4 82. Rc1 Rah7 83. Ra1 Qh8 84. Rc1 Ra7 85. Rcc3 Kc7 86. Rc1 Qa8 87. 
Rcc3 Kd7 88. Rc1 Na6 89. Re1 Qh8 90. Rc1 Ra8 91. Rcc3 Nc7 92. Rce3 Qh7 93.
 Re1 Rh8 94. Ra1 Ne8 95. Qe3 Nc7 96. Qe4 1/2-1/2

[Event "Elitserien 2022/2023"]
[Site "Limhamn SWE"]
[Date "2023.01.21"]
[Round "4.11"]
[White "Krantz, Christopher"]
[Black "Hansen, Sune Berg"]
[Result "1/2-1/2"]
[WhiteElo "2241"]
[BlackElo "2526"]
[ECO "A48"]
[TimeControl "90 minutes for 40 moves + 30 minutes for the rest of the game + 30 seconds per move from move one."]
[BlackTitle "GM"]
[WhiteFideId "1707876"]
[BlackFideId "1400266"]
[WhiteTeam "Eksjo SK"]
[BlackTeam "Lunds ASK"]

1. d4 Nf6 2. Nf3 g6 3. b3 Bg7 4. Bb2 O-O 5. e3 c5 6. dxc5 Qa5+ 7. Nbd2 
Qxc5 8. Be2 b6 9. O-O Bb7 10. c4 d6 11. a3 Nbd7 12. b4 Qc7 13. Rc1 Rac8 
14. Nd4 a6 15. Bf3 Bxf3 16. N2xf3 Qb7 17. Nb3 Rc7 18. Qe2 Rfc8 19. Rfd1 
Qa8 20. h3 Qb7 21. Qd3 Qe4 22. Qe2 h6 23. Nbd2 Qb7 24. e4 e5 25. Qd3 Bf8 
26. Nh2 b5 27. cxb5 axb5 28. Ng4 Nxg4 29. hxg4 Nf6 30. f3 Qb6+ 31. Kh1 h5 
32. gxh5 Nxh5 33. Rxc7 Rxc7 34. Rc1 Ng3+ 35. Kh2 Qf2 36. Rxc7 Ne2 37. Qxe2
Qxe2 38. Bc1 Bh6 39. Nf1 Bf4+ 40. Kg1 Qd3 41. Kf2 d5 42. exd5 Qxd5 43. 
Bxf4 exf4 44. Rc5 Qa2+ 45. Ke1 Qa1+ 46. Kf2 Qxa3 47. Rxb5 Qa6 48. Rc5 Qb6 
49. g3 fxg3+ 50. Nxg3 Qxb4 51. Rc2 Kg7 52. Re2 f5 53. Re1 Qh4 54. Rh1 Qd4+
55. Kg2 Qd2+ 56. Kf1 Kf6 57. Rg1 g5 58. Rg2 Qd3+ 59. Kf2 Qd4+ 60. Kf1 Qa1+
61. Kf2 Kg6 62. Ne2 Qa7+ 63. Kf1 Qe3 64. Ng1 Qd3+ 65. Kf2 Qd4+ 66. Kf1 g4 
67. fxg4 fxg4 68. Ne2 Qa1+ 69. Kf2 Kg5 70. Rg3 Qb2 71. Rc3 Kh4 72. Rd3 Qb5
73. Rc3 Qe5 74. Ke1 Qd6 75. Kf2 Kg5 76. Ke1 Qb6 77. Kd2 Qa5 78. Kd1 Kh4 
79. Kc2 Qd5 80. Kc1 Kg5 81. Kc2 Kf6 82. Rd3 Qa2+ 83. Kd1 Kf5 84. Rc3 Ke4 
85. Ke1 Qa5 86. Kf2 Qb6+ 87. Kg2 Kf5 88. Kf1 Qb1+ 89. Kf2 Kg5 90. Rc5+ Kh4
91. Rc3 Qd1 92. Ra3 Qd6 93. Rc3 Qb4 94. Kf1 Kg5 95. Kf2 Kf5 96. Ng3+ Ke5 
97. Ne2 Qb2 98. Kf1 Qb6 99. Kg2 Qh6 100. Rd3 Ke4 101. Rc3 Qh8 102. Ng3+ 
Kf4 103. Ne2+ Kg5 104. Rc5+ Kh4 105. Rc3 Qf6 106. Rd3 Qa6 107. Re3 Qc4 
108. Kf1 Qc6 109. Rc3 Qh1+ 110. Kf2 Kg5 111. Rc5+ Kf6 112. Rc3 Qh2+ 113. 
Ke1 Ke5 114. Kd2 Qf2 115. Re3+ Qxe3+ 116. Kxe3 g3 117. Nxg3 1/2-1/2

[Event "Elitserien 2022/2023"]
[Site "Limhamn SWE"]
[Date "2023.01.21"]
[Round "4.12"]
[White "Ahlander, Bjorn"]
[Black "Malesevic, Nedeljko"]
[Result "1-0"]
[WhiteElo "2413"]
[BlackElo "2226"]
[ECO "B12"]
[TimeControl "90 minutes for 40 moves + 30 minutes for the rest of the game + 30 seconds per move from move one."]
[WhiteTitle "IM"]
[BlackTitle "FM"]
[WhiteFideId "1700251"]
[BlackFideId "1703447"]
[WhiteTeam "Lunds ASK"]
[BlackTeam "Eksjo SK"]

1. e4 c6 2. d4 d5 3. e5 c5 4. dxc5 e6 5. Nf3 Bxc5 6. Bd3 Nc6 7. a3 a6 8. 
O-O Nge7 9. Nbd2 b5 10. Nb3 Ba7 11. Re1 Ng6 12. Be3 Qc7 13. Bxa7 Rxa7 14. 
Qe2 Na5 15. Nxa5 Qxa5 16. Qe3 Rb7 17. h4 Qb6 18. Qg5 Qd8 19. Qg3 Kf8 20. 
Ng5 Ke8 21. a4 Nf8 22. axb5 axb5 23. Ra8 h6 24. Nf3 Nd7 25. Qxg7 Ke7 26. 
Nd4 Rb6 27. Bxb5 Rg8 28. Qxh6 Rg6 29. Qe3 Qc7 30. Qa3+ Qc5 31. Rxc8 1-0

[Event "Elitserien 2022/2023"]
[Site "Limhamn SWE"]
[Date "2023.01.21"]
[Round "4.13"]
[White "Johnson, Bjorn"]
[Black "Mauritsson, Sebastian"]
[Result "0-1"]
[WhiteElo "2206"]
[BlackElo "2391"]
[ECO "A03"]
[TimeControl "90 minutes for 40 moves + 30 minutes for the rest of the game + 30 seconds per move from move one."]
[BlackTitle "FM"]
[WhiteFideId "1708503"]
[BlackFideId "1707892"]
[WhiteTeam "Eksjo SK"]
[BlackTeam "Lunds ASK"]

1. f4 d5 2. Nf3 g6 3. e3 Bg7 4. d4 c5 5. c3 Qc7 6. Bd3 Nh6 7. O-O O-O 8. 
Na3 Nd7 9. h3 Nf5 10. Qe1 Nf6 11. Nb5 Qb6 12. a4 a6 13. Na3 Nd6 14. g4 h5 
15. g5 Nfe4 16. Kg2 Bd7 17. Nb1 Qc7 18. Nh4 b5 19. Nd2 b4 20. Nxe4 dxe4 
21. Be2 Rfc8 22. dxc5 Qxc5 23. cxb4 Qb6 24. Rf2 Rab8 25. b5 axb5 26. a5 
Qa7 27. Bd1 b4 28. Bb3 e6 29. Qd1 Nc4 30. a6 Bb5 31. Rc2 Nxe3+ 32. Bxe3 
Qxe3 33. Rxc8+ Rxc8 34. Nxg6 Be2 35. Qg1 Qf3+ 36. Kh2 Ra8 37. Ne7+ Kf8 38.
 Ng6+ fxg6 39. Qc5+ Kg8 40. Bxe6+ Kh8 0-1

[Event "Elitserien 2022/2023"]
[Site "Limhamn SWE"]
[Date "2023.01.21"]
[Round "4.14"]
[White "Pantzar, Milton"]
[Black "Rothen, Hakan"]
[Result "1-0"]
[WhiteElo "2471"]
[BlackElo "2226"]
[ECO "D27"]
[TimeControl "90 minutes for 40 moves + 30 minutes for the rest of the game + 30 seconds per move from move one."]
[WhiteTitle "IM"]
[BlackTitle "FM"]
[WhiteFideId "1721003"]
[BlackFideId "1700723"]
[WhiteTeam "Lunds ASK"]
[BlackTeam "Eksjo SK"]

1. d4 d5 2. c4 dxc4 3. Nf3 Nf6 4. e3 e6 5. Bxc4 a6 6. O-O c5 7. Re1 b5 8. 
Bf1 Bb7 9. a4 b4 10. Nbd2 Nc6 11. Nb3 cxd4 12. exd4 Na5 13. Ne5 Nxb3 14. 
Qxb3 Bd5 15. Qg3 g6 16. Qh3 Bg7 17. Bd2 Qb6 18. Qh4 h6 19. a5 Qa7 20. Bxb4
g5 21. Qh3 Qxd4 22. Qa3 O-O-O 23. Bc5 Qf4 24. Bxa6+ Kb8 25. g3 Qd2 26. Re2
1-0

[Event "Elitserien 2022/2023"]
[Site "Limhamn SWE"]
[Date "2023.01.21"]
[Round "4.15"]
[White "Gustafsson, Fredrik"]
[Black "Dragicevic, Drazen"]
[Result "0-1"]
[WhiteElo "2093"]
[BlackElo "2345"]
[ECO "B26"]
[TimeControl "90 minutes for 40 moves + 30 minutes for the rest of the game + 30 seconds per move from move one."]
[BlackTitle "FM"]
[WhiteFideId "1712357"]
[BlackFideId "1707922"]
[WhiteTeam "Eksjo SK"]
[BlackTeam "Lunds ASK"]

1. e4 c5 2. Nc3 Nc6 3. g3 g6 4. Bg2 Bg7 5. d3 d6 6. Be3 Nf6 7. h3 O-O 8. 
Qd2 Nd4 9. Nd1 e5 10. c3 Nc6 11. f4 Re8 12. Nf3 c4 13. Nf2 Nh5 14. fxe5 
Nxg3 15. Rg1 cxd3 16. Bg5 Qa5 17. Qxd3 Nxe5 18. Nxe5 Qxe5 19. Qe3 Nf5 20. 
Qf4 Qxf4 21. Bxf4 d5 22. O-O-O dxe4 23. Nxe4 Be6 24. Kb1 Nh4 25. Bh1 Bf5 
26. Rge1 Bxh3 27. Nd6 Rxe1 28. Rxe1 Ng2 29. Bxg2 Bxg2 30. Re7 Bf8 31. Rc7 
g5 32. Be5 Bxd6 33. Bxd6 h6 34. Be5 Bc6 35. b4 a6 36. Kb2 Re8 37. Bd4 h5 
38. c4 h4 39. b5 axb5 40. cxb5 h3 41. Bg1 Bf3 42. Rc5 Re2+ 43. Kb3 Rg2 0-1

[Event "Elitserien 2022/2023"]
[Site "Limhamn SWE"]
[Date "2023.01.21"]
[Round "4.16"]
[White "Smith, Axel"]
[Black "Rajcevski, Dejan"]
[Result "1-0"]
[WhiteElo "2398"]
[BlackElo "2067"]
[ECO "A13"]
[TimeControl "90 minutes for 40 moves + 30 minutes for the rest of the game + 30 seconds per move from move one."]
[WhiteTitle "GM"]
[WhiteFideId "1707930"]
[BlackFideId "1759027"]
[WhiteTeam "Lunds ASK"]
[BlackTeam "Eksjo SK"]

1. c4 e6 2. Nf3 d5 3. e3 Nf6 4. b3 a6 5. Bb2 dxc4 6. Bxc4 b5 7. Be2 Bb7 8.
 O-O Be7 9. a4 c6 10. d4 O-O 11. Nbd2 Nbd7 12. e4 Qb6 13. Bd3 Rfd8 14. Qe2
Nf8 15. Rfd1 Ng6 16. g3 Rac8 17. Bc3 Rd7 18. b4 Qd8 19. Nb3 Qf8 20. Nc5 
Bxc5 21. dxc5 Rcd8 22. a5 Qe7 23. e5 Nd5 24. Bd2 h6 25. Bc2 Qe8 26. Ra3 
Nde7 27. Re1 Nf5 28. Bc3 Rd5 29. Be4 Bc8 30. Bxd5 exd5 31. Nd4 Nxd4 32. 
Bxd4 Be6 33. f3 Qd7 34. Qf2 Ne7 35. g4 g6 36. Qh4 Kg7 37. f4 Kh7 38. Rh3 
Ng8 39. Rg3 Qe7 40. Qh3 Re8 41. f5 Bc8 42. Rf1 Qd8 1-0

[Event "Elitserien 2022/2023"]
[Site "Limhamn SWE"]
[Date "2023.01.22"]
[Round "5.1"]
[White "Thybo, Jesper Sondergaard"]
[Black "Semcesen, Daniel"]
[Result "1-0"]
[WhiteElo "2508"]
[BlackElo "2462"]
[ECO "A88"]
[TimeControl "90 minutes for 40 moves + 30 minutes for the rest of the game + 30 seconds per move from move one."]
[WhiteTitle "GM"]
[BlackTitle "GM"]
[WhiteFideId "1438832"]
[BlackFideId "1706993"]
[WhiteTeam "Lunds ASK"]
[BlackTeam "Helsingborgs ASK"]

1. Nf3 f5 2. d4 Nf6 3. g3 g6 4. Bg2 Bg7 5. O-O O-O 6. c4 c6 7. Nc3 d6 8. 
Rb1 a5 9. Qb3 Kh8 10. Rd1 Na6 11. Be3 h6 12. d5 c5 13. Na4 Bd7 14. Nb6 a4 
15. Nxa4 Nb4 16. Nxc5 dxc5 17. Bxc5 Na6 18. Bd4 Qa5 19. Ne5 Kh7 20. Nxd7 
Nxd7 21. Bxg7 Kxg7 22. d6 e6 23. Qxb7 Nc5 24. Qf3 Ne4 25. Qe3 Qxa2 26. 
Bxe4 fxe4 27. c5 Rfc8 28. b4 Qc4 29. Rd4 Qb5 30. Qxe4 Ra2 31. Qxe6 Rxe2 
32. Re4 Rxe4 33. Qxe4 Rf8 34. Re1 Rf7 35. Qd4+ Nf6 36. Re6 Qd7 37. Qe5 g5 
38. h3 Qa4 39. Qd4 Qd7 40. Qc4 Qc6 41. b5 Qf3 42. Qe2 1-0

[Event "Elitserien 2022/2023"]
[Site "Limhamn SWE"]
[Date "2023.01.22"]
[Round "5.2"]
[White "Kristensen, Kaare Hove"]
[Black "Hansen, Sune Berg"]
[Result "0-1"]
[WhiteElo "2218"]
[BlackElo "2526"]
[ECO "C45"]
[TimeControl "90 minutes for 40 moves + 30 minutes for the rest of the game + 30 seconds per move from move one."]
[WhiteTitle "IM"]
[BlackTitle "GM"]
[WhiteFideId "1400940"]
[BlackFideId "1400266"]
[WhiteTeam "Helsingborgs ASK"]
[BlackTeam "Lunds ASK"]

1. e4 e5 2. Nf3 Nc6 3. d4 exd4 4. Nxd4 Bb4+ 5. Bd2 Qe7 6. Nxc6 Qxe4+ 7. 
Be2 Bxd2+ 8. Qxd2 dxc6 9. O-O Nf6 10. Bf3 Qe7 11. Re1 Be6 12. Qe3 O-O 13. 
Nd2 Qb4 14. c3 Qb6 15. Nb3 Rfe8 16. Qc5 Bd5 17. c4 Bxf3 18. gxf3 g6 19. 
Kf1 Nd7 20. Qg5 Qb4 21. Qf4 Nb6 22. Rxe8+ Rxe8 23. Rc1 Na4 24. Qxc7 Nxb2 
25. Qd7 Qe7 26. Qxe7 Rxe7 27. c5 Nd3 28. Rd1 Nf4 29. Rd8+ Kg7 30. Ra8 Rd7 
31. Ke1 a6 32. Rb8 Kf6 33. Re8 Ne6 34. Ke2 Ke5 35. Ke3 Kd5 36. f4 f6 37. 
f5 gxf5 38. f4 Rf7 39. h4 Rg7 40. Rh8 Nxc5 41. Nxc5 Kxc5 42. h5 b5 43. Kf3
a5 44. Rf8 Kb4 45. Rxf6 c5 46. Rxf5 c4 47. a3+ Ka4 48. Rc5 Rb7 49. Ke4 
Kxa3 50. Kd5 Kb4 51. f5 Rf7 52. Kd4 a4 0-1

[Event "Elitserien 2022/2023"]
[Site "Limhamn SWE"]
[Date "2023.01.22"]
[Round "5.3"]
[White "Pantzar, Milton"]
[Black "Sylvan, Jacob"]
[Result "1-0"]
[WhiteElo "2471"]
[BlackElo "2314"]
[ECO "E04"]
[TimeControl "90 minutes for 40 moves + 30 minutes for the rest of the game + 30 seconds per move from move one."]
[WhiteTitle "IM"]
[BlackTitle "IM"]
[WhiteFideId "1721003"]
[BlackFideId "1402137"]
[WhiteTeam "Lunds ASK"]
[BlackTeam "Helsingborgs ASK"]

1. d4 Nf6 2. c4 e6 3. Nf3 d5 4. g3 dxc4 5. Bg2 a6 6. O-O Nc6 7. Be3 Rb8 8.
 Qc1 b5 9. b3 Nd5 10. bxc4 Nxe3 11. Qxe3 Be7 12. cxb5 axb5 13. Nc3 O-O 14.
 Rfd1 Bb7 15. d5 exd5 16. Rxd5 Bd6 17. Rxb5 Re8 18. Qc1 Ba6 19. Rxb8 Nxb8 
20. e3 Nd7 21. Qc2 Nc5 22. Rd1 h6 23. Nd4 Qg5 24. Ndb5 Bxb5 25. Nxb5 Rd8 
26. a4 Bf8 27. Rxd8 Qxd8 28. Bc6 Qf6 29. Nd4 Ne6 30. Nxe6 Qxe6 31. a5 Qe5 
32. Qa2 Bc5 33. a6 Ba7 34. Bd5 Qf6 35. Kg2 g6 36. Qa4 Qe7 37. Qc2 Kg7 38. 
Qc3+ Kh7 39. Qc6 Kg7 40. Qc3+ Kh7 41. h4 h5 42. Qc6 Kg7 43. Bb3 Bb6 44. 
Qc3+ Kh7 45. Qc4 Kg7 46. Qd5 Ba7 47. Qa8 Qc5 48. Qe8 Qf5 49. Qe7 Bb6 50. 
Ba2 Kg8 51. a7 Bxa7 52. Qxc7 Bc5 53. Bxf7+ Qxf7 54. Qxc5 Qe6 55. Qd4 Qa6 
56. Qd5+ Kg7 57. e4 1-0

[Event "Elitserien 2022/2023"]
[Site "Limhamn SWE"]
[Date "2023.01.22"]
[Round "5.4"]
[White "Nilsson, Anders"]
[Black "Storme, Isak"]
[Result "0-1"]
[WhiteElo "2224"]
[BlackElo "2438"]
[ECO "D00"]
[TimeControl "90 minutes for 40 moves + 30 minutes for the rest of the game + 30 seconds per move from move one."]
[WhiteTitle "CM"]
[BlackTitle "IM"]
[WhiteFideId "1705423"]
[BlackFideId "1728113"]
[WhiteTeam "Helsingborgs ASK"]
[BlackTeam "Lunds ASK"]

1. d4 d5 2. Bf4 c5 3. e4 dxe4 4. d5 Nf6 5. Nc3 g6 6. Nb5 Na6 7. d6 exd6 8.
 Nxd6+ Bxd6 9. Bxd6 Qb6 10. Qd2 Qxb2 11. Rd1 Nb4 12. Bb5+ Bd7 13. Bxd7+ 
Nxd7 14. a3 Nxc2+ 15. Kf1 Qb5+ 16. Ne2 Nd4 17. Re1 O-O-O 18. Kg1 Nxe2+ 19.
 Rxe2 Ne5 0-1

[Event "Elitserien 2022/2023"]
[Site "Limhamn SWE"]
[Date "2023.01.22"]
[Round "5.5"]
[White "Kucuksari, Kaan"]
[Black "Rosell, Tomas"]
[Result "1-0"]
[WhiteElo "2487"]
[BlackElo "2173"]
[ECO "A80"]
[TimeControl "90 minutes for 40 moves + 30 minutes for the rest of the game + 30 seconds per move from move one."]
[WhiteTitle "IM"]
[WhiteFideId "6380166"]
[BlackFideId "1707132"]
[WhiteTeam "Lunds ASK"]
[BlackTeam "Helsingborgs ASK"]

1. d4 f5 2. Bg5 g6 3. e3 Nh6 4. h4 Nf7 5. Bf4 Bg7 6. Nf3 Nc6 7. c3 e5 8. 
Bg3 a6 9. Na3 Qe7 10. dxe5 Ncxe5 11. Nxe5 Nxe5 12. Nc4 Nxc4 13. Bxc4 b5 
14. Bd5 c6 15. Bf3 d5 16. O-O O-O 17. a4 Be6 18. Ra3 Bf6 19. h5 g5 20. Qd2
g4 21. Be2 Qf7 22. Rfa1 Rac8 23. axb5 axb5 24. Ra6 Qxh5 25. Bxb5 Qe8 26. 
Bd3 h5 27. Qc2 Qg6 28. Qa4 h4 29. Bf4 Bd7 30. Ra7 Qe8 31. Qc2 Bh8 32. Rb7 
Be6 33. Ra6 Ra8 34. Rxa8 Qxa8 35. Re7 Qc8 36. Qa4 Bd7 37. Qa7 Be8 38. Bg5 
h3 39. Ba6 1-0

[Event "Elitserien 2022/2023"]
[Site "Limhamn SWE"]
[Date "2023.01.22"]
[Round "5.6"]
[White "Rothman, Peter"]
[Black "Jogstad, Martin"]
[Result "0-1"]
[WhiteElo "2123"]
[BlackElo "2399"]
[ECO "D30"]
[TimeControl "90 minutes for 40 moves + 30 minutes for the rest of the game + 30 seconds per move from move one."]
[BlackTitle "FM"]
[WhiteFideId "1709402"]
[BlackFideId "1715364"]
[WhiteTeam "Helsingborgs ASK"]
[BlackTeam "Lunds ASK"]

1. c4 e6 2. Nf3 d5 3. d4 a6 4. e3 Nf6 5. Nc3 Be7 6. b3 O-O 7. Bd3 c5 8. 
O-O Nc6 9. Bb2 b6 10. Rc1 Bb7 11. Qe2 dxc4 12. bxc4 Qc7 13. d5 Nb4 14. e4 
exd5 15. cxd5 Nxd3 16. Qxd3 Bd6 17. Ne2 Nd7 18. Ng3 Rfe8 19. Nf5 Ne5 20. 
Nxe5 Bxe5 21. d6 Qd7 22. Bxe5 Rxe5 23. Qg3 f6 24. f3 g6 25. Rfd1 Rd8 26. 
Rd2 Kh8 27. Ne3 Re6 28. Rcd1 b5 29. Ng4 h5 30. Nf2 Kg7 31. Nh3 Re5 32. Nf4
Qf7 33. h4 c4 34. Nh3 c3 35. Rc2 b4 36. Nf4 Bc6 37. Rd4 a5 38. Nd3 Qa7 39.
 Qf2 Re6 40. Nxb4 axb4 41. Rxb4 Qxf2+ 42. Kxf2 Rdxd6 43. Rxc3 Rd2+ 44. Kg3
Rxa2 45. Rb6 Bd7 46. Rb7 Rd6 47. Rcc7 Rad2 48. Kf4 Kh6 49. Kg3 R6d3 50. 
Rb6 Kg7 51. Ra7 Rd6 52. Rxd6 Rxd6 53. Kf2 Kf8 54. Ke3 Ke7 55. g4 hxg4 56. 
fxg4 Rd1 57. g5 fxg5 58. hxg5 Kd6 59. Ra5 Bc6 60. e5+ Ke6 61. Ra6 Rc1 0-1